 Dungeon Crawl Stone Soup version 0.29.1-13-g9f3cf754e1 (webtiles) character file.

Game seed: 16229496744369030014

63434 DemonSlayer the Thaumaturge (level 14, 0/100 HPs)
             Began as a Demonspawn Earth Elementalist on Jan 21, 2023.
             Was the Champion of Cheibriados.
             Slain by Jorgrun
             ... wielding a staff of earth
              (12 damage)
             ... while petrified by Jorgrun
             ... on level 12 of the Dungeon.
             The game lasted 01:17:23 (28451 turns).

DemonSlayer the Thaumaturge (DsEE)                 Turns: 28451, Time: 01:17:24

Health: 0/100      AC: 11    Str: 30    XL:     14   Next: 68%
Magic:  0/40       EV: -1    Int: 35    God:    Cheibriados [******]
Gold:   2287       SH:  0    Dex: 28    Spells: 10/39 levels left

rFire   . . .      SeeInvis .   M - +7 whip of Dull Purpose {vorpal, *Slow Str+3 Dex-5 Stlth+}
rCold   + + .      Faith    .   R - +1 kite shield "Ziuxt" {rC+}
rNeg    + + +      Spirit   +   j - +1 robe of Vines {NoPotionHeal Regen++++}
rPois   ∞          Reflect  .   a - +0 hat "Raghunk" {Dex+4 Slay+3 Stlth+}
rElec   .          Harm     .   y - +0 cloak
rCorr   +          Rampage  .   (gloves unavailable)
Will    +....                   n - +2 pair of boots {Stlth+}
Stlth   ++++++....              q - amulet of regeneration
HPRegen 4.26/turn               c - ring "Zef Puf" {rPois rCorr MP+9 Int+2 Stlth-}
MPRegen 0.54/turn               D - ring of protection from cold

@: petrified, grasped by roots, constricted, studying Conjurations, very slow
A: claws 3, rugged brown scales 3, powered by death 1, magic shield, magic
regeneration
a: Renounce Religion, Bend Time, Temporal Distortion, Slouch, Step From Time


You were on level 12 of the Dungeon.
You worshipped Cheibriados.
Cheibriados was exalted by your worship.
You visited 4 branches of the dungeon, and saw 20 of its levels.
You also visited: Ossuary, Bailey, Gauntlet and Ice Cave.

You collected 2742 gold pieces.
You spent 455 gold pieces at shops.

Inventory:

Hand Weapons
 M - the +7 whip of Dull Purpose (weapon) {vorpal, *Slow Str+3 Dex-5 Stlth+}
   (You found it on level 1 of the Lair of Beasts)

   It inflicts extra damage upon your enemies.
   Str:       It affects your strength (+3).
   Dex:       It affects your dexterity (-5).
   *Slow:     It may slow you when you take damage.
   Stlth:     It makes you more stealthy.
Missiles
 w - a throwing net
 I - a curare-tipped dart
 O - 8 silver javelins
Armour
 a - the +0 hat "Raghunk" (worn) {Dex+4 Slay+3 Stlth+}
   (You acquired it on level 4 of the Dungeon)

   Dex:       It affects your dexterity (+4).
   Slay:      It affects your accuracy & damage with ranged weapons and melee
   (+3).
   Stlth:     It makes you more stealthy.
 j - the +1 robe of Vines (worn) {NoPotionHeal Regen++++}
   (You found it in a Gauntlet)

   Its wearer cannot be healed by potions.
   Regen:     It increases your rate of health regeneration.
 m - the +0 mask of the Dragon {Will+ Slay+3 SInv}
   (You found it in a Gauntlet)

   Slay:      It affects your accuracy & damage with ranged weapons and melee
   (+3).
   SInv:      It lets you see invisible.
   Will:      It increases your willpower.
 n - a +2 pair of boots of stealth (worn)
 y - a +0 cloak (worn)
 R - the +1 kite shield "Ziuxt" (worn) {rC+}
   (You took it off a minotaur in a Gauntlet)

   rC:        It protects you from cold.
Jewellery
 c - the ring "Zef Puf" (left claw) {rPois rCorr MP+9 Int+2 Stlth-}
   (You found it in a Gauntlet)

   [ring of magical power]

   Int:       It affects your intelligence (+2).
   rPois:     It protects you from poison.
   MP:        It affects your magic capacity (+9).
   rCorr:     It protects you from acid and corrosion.
   Stlth:     It makes you less stealthy.
 q - an amulet of regeneration (around neck)
 u - a ring of see invisible
 D - a ring of protection from cold (right claw)
 P - a +4 ring of evasion
 S - a ring of flight
Wands
 o - a wand of roots (20)
 r - a wand of flame (39)
 C - a wand of polymorph (24)
 F - a wand of paralysis (15)
 L - a wand of mindburst (15)
Scrolls
 b - 9 scrolls of fog
 h - 2 scrolls of poison
 i - a scroll of enchant armour
 p - 9 scrolls of teleportation
 v - 2 scrolls of silence
 B - a scroll of amnesia
 N - 2 scrolls of immolation
Potions
 d - 4 potions of attraction
 e - 3 potions of flight
 f - 2 potions of brilliance
 g - 2 potions of mutation
 l - 4 potions of might
 s - 5 potions of cancellation
 t - a potion of ambrosia
 x - 4 potions of heal wounds
 z - 4 potions of lignification
 A - 2 potions of magic
 H - 5 potions of curing


   Skills:
 + Level 3.7 Fighting
 + Level 1.5(2.3) Short Blades
 + Level 2.7(2.9) Long Blades
 + Level 4.2 Maces & Flails
 + Level 0.9 Throwing
 + Level 5.8 Armour
 + Level 6.6 Dodging
 + Level 5.0 Stealth
 + Level 4.8 Shields
 + Level 13.4 Spellcasting
 + Level 12.1 Conjurations
 + Level 0.9 Hexes
 + Level 1.2 Summonings
 + Level 1.0 Transmutations
 + Level 0.2 Air Magic
 + Level 13.0 Earth Magic
 + Level 0.1 Poison Magic
 + Level 1.2 Evocations


You had 10 spell levels left.
You knew the following spells:

 Your Spells              Type           Power      Damage    Failure   Level
a - Sandblast             Erth           100%       2d20      1%          1
b - Passwall              Tmut/Erth      53%        N/A       1%          2
c - Stone Arrow           Conj/Erth      100%       3d13      1%          3
d - Summon Guardian Gole  Hex/Summ       31%        N/A       10%         3
e - Cause Fear            Hex            14%        N/A       34%         4
f - Petrify               Tmut/Erth      64%        N/A       2%          4
g - Mephitic Cloud        Conj/Pois/Air  51%        N/A       2%          3
h - Dragon's Call         Summ           16%        N/A       100%        9

Your spell library contained the following spells:

 Spells                   Type           Power      Damage    Failure   Level
 Magic Dart               Conj           100%       1d8       1%          1
 Beastly Appendage        Tmut           60%        N/A       3%          1
 Summon Small Mammal      Summ           100%       N/A       3%          1
 Call Imp                 Summ           32%        N/A       4%          2
 Wereblood                Tmut           30%        N/A       4%          2
 Call Canine Familiar     Summ           32%        N/A       9%          3
 Borgnjor's Vile Clutch   Necr/Erth      31%        N/A       10%         5
 Irradiate                Conj/Tmut      31%        3d22      10%         5
 Spider Form              Tmut/Pois      27%        N/A       12%         3
 Inner Flame              Hex/Fire       26%        N/A       13%         3
 Gell's Gravitas          Tloc           23%        N/A       16%         3
 Lesser Beckoning         Tloc           23%        N/A       16%         3
 Teleport Other           Tloc           23%        N/A       16%         3
 Anguish                  Hex/Necr       13%        N/A       38%         4
 Corpse Rot               Necr/Pois/Air  24%        N/A       43%         4
 Blade Hands              Tmut           15%        N/A       67%         5
 Metabolic Englaciation   Hex/Ice        13%        N/A       75%         5
 Dragon Form              Tmut           15%        N/A       100%        7
 Discord                  Hex            14%        N/A       100%        8
 Infestation              Necr           11%        N/A       100%        8
 Necromutation            Tmut/Necr      13%        N/A       100%        8


Dungeon Overview and Level Annotations

Branches:
Dungeon (12/15)            Temple (1/1) D:6            Lair (5/5) D:9
  Swamp (0/4) Lair:2       Spider (0/4) Lair:2        Slime (0/5) Lair:4
    Orc (2/2) D:10            Elf (0/3) Orc:2       Ossuary (visited)
 Bailey (visited)           IceCv (visited)         Gauntlet (visited)

Altars:
Ashenzari
Cheibriados
Dithmenos
Fedhas
Gozag
Hepliaklqana
Kikubaaqudgha
Makhleb
Nemelex Xobeh
Okawaru
Qazlal
Ru
Sif Muna
Trog
Uskayaw
Vehumet
Wu Jian
Xom
Yredelemnul
Jiyva
Lugonu

Shops:
D:1 :   D:9 ?   D:10 ((!   D:12 (   Orc:2 [[:*(

Portals:
Abyss: Lair:5

Annotations:
D:8 exclusion: ice statue
D:11 2 transporters, exclusion: oklob plant, sigtrap's ghost, novice MiFi
D:12 Jorgrun
Lair:2 2 runed translucent doors, coldfrog's ghost, journeyman DrFE


Innate Abilities, Weirdness & Mutations

You have claws for hands.
You are completely covered in rugged brown scales. (AC +3, +7% HP)
You regenerate a little health from kills.
When hurt, damage is shared between your health and your magic reserves.
You regenerate magic rapidly.


Message History

* * * LOW HITPOINT WARNING * * *
You turn to flesh and can move again.
Unknown command.
Unknown command.
Unknown command.
Unknown command.
Unknown command.
Okay, then.
You are confused.
Your system rejects the healing.
You feel invigorated. Jorgrun gestures at you while chanting.
You are slowing down.
The grasping roots constrict you!
* * * LOW HITPOINT WARNING * * *
Unknown command.
Unknown command.
Unknown command.
Unknown command.
Unknown command.
You escape the roots grasp.
You feel less invigorated.
You feel less confused. Jorgrun gestures at you while chanting.
Roots burst forth from the earth!
The grasping roots grab you! The grasping roots constrict you!
* * * LOW HITPOINT WARNING * * *
Jorgrun closely misses you. The grasping roots constrict you!
* * * LOW HITPOINT WARNING * * *
You block Jorgrun's attack. The grasping roots constrict you!
* * * LOW HITPOINT WARNING * * *
You have turned to stone.
Jorgrun hits you with a staff of earth!
* * * LOW HITPOINT WARNING * * *
The grasping roots constrict you!
* * * LOW HITPOINT WARNING * * *
Jorgrun points at you and mumbles some strange words.
The grasping roots constrict you!
* * * LOW HITPOINT WARNING * * *
Jorgrun hits you but does no damage. Jorgrun shatters you!!
You die...

,,*****,**#.##..#**+****
,,+,,,+,,,#.....#......#
,,*,,,*,,,#.....#......#
..############..#......#
#............#..#......#
#............#..#......#
#............'.........#
#............##g#......#
*#.....####.....@#******
,#.....#..'......#
,#........#......#
+#......###......#
.....)..##.##....#
............#....#
............#....#
....#...##..#....#
....#####*###*##.#******


You could see Jorgrun.

Vanquished Creatures
  2 orc warlords
  Nessos (Lair:5)
  A minotaur (Gauntlet)
  Harold (D:11)
  4 hydras
  Erica (D:11)
  A two-headed ogre (D:10)
  A centaur warrior (D:12)
  6 orc high priests
  3 thrashing horrors (Lair:5)
  Lodul (D:11)
  A bog body (Lair:2)
  3 large abominations (Lair:5)
  A mana viper (shapeshifter) (Lair:5)
  A necromancer (IceCv)
  3 ugly things
  An oklob plant (Lair:5)
  3 orc knights
  4 orc sorcerers
  A cyclops (Orc:1)
  An ice statue (IceCv)
  Maurice (D:11)
  A smoke demon (Lair:5)
  3 black mambas
  4 elephants (Lair:4)
  A gargoyle (D:10)
  Psyche (D:11)
  9 komodo dragons
  A rime drake (Lair:3)
  Maggie (D:7)
  9 cane toads
  An efreet (Gauntlet)
  A komodo dragon (shapeshifter) (Lair:5)
  3 anaconda simulacra (IceCv)
  19 ice devils
  A polar bear (Lair:2)
  An ancient zyme (Lair:5)
  6 trolls
  22 blink frogs
  4 shadows (Gauntlet)
  A spriggan (Lair:5)
  4 dire elephant simulacra (IceCv)
  3 ynoxinuls (Lair:5)
  A jumping spider (Lair:2)
  3 fire elementals (Gauntlet)
  3 wraiths
  A wyvern (Lair:1)
  3 basilisks
  22 yaks
  Grum (D:10)
  2 steam dragons
  2 harpy simulacra (IceCv)
  Menkaure (D:7)
  A chaos spawn (Lair:5)
  7 death yak simulacra
  3 wargs (Orc:2)
  An acid dragon (D:10)
  8 water moccasins
  Duvessa (D:7)
  A hell hound (Gauntlet)
  3 ice beasts
  27 orc warriors
  3 black bears
  16 ogres
  4 sky beasts
  14 wolves
  6 centaurs
  A phantom (D:5)
  4 kobold brigands
  2 elf zombies (Ossuary)
  8 bullfrogs
  4 scorpions (D:6)
  11 small abominations (Lair:5)
  3 two-headed ogre simulacra
  3 cane toad simulacra (IceCv)
  11 wights
  Dowan (D:7)
  4 elephant simulacra
  11 killer bees
  An electric eel (Lair:3)
  10 hounds
  5 jellies
  8 orc priests
  2 gnoll boudas
  Crazy Yiuf (D:7)
  A human zombie (Ossuary)
  3 iguanas
  21 orc wizards
  15 hell rats
  A polar bear simulacrum (IceCv)
  2 spriggan simulacra
  2 troll simulacra
  8 wolf simulacra (IceCv)
  2 mummies (Ossuary)
  10 gnolls
  5 adders
  9 river rats (Lair:1)
  A naga simulacrum (D:12)
  A shadow imp (D:6)
  5 white imps
  9 ufetubi
  An adder zombie (Ossuary)
  4 worms
  3 dart slugs
  57 orcs
  12 endoplasms
  6 giant cockroaches
  15 goblins
  6 hobgoblins
  5 quokkas
  4 ball pythons
  5 bats
  4 frilled lizards
  2 goblin zombies (Ossuary)
  10 hobgoblin zombies (Ossuary)
  4 jackal zombies (Ossuary)
  39 kobolds
  5 kobold zombies (Ossuary)
  10 orc zombies (Ossuary)
  3 rats
  2 rat zombies (Ossuary)
654 creatures vanquished.

Vanquished Creatures (others)
  A quokka (D:6)
  17 fungi
  15 plants
33 creatures vanquished.

Grand Total: 687 creatures vanquished

Notes
Turn   | Place    | Note
-------+----------+-------------------------------------------
     0 | D:1      | DemonSlayer the Demonspawn Earth Elementalist began the
                  | quest for the Orb.
     0 | D:1      | Reached XP level 1. HP: 13/13 MP: 3/3
   101 | D:1      | Found a faded altar of an unknown god.
   187 | D:1      | Gained mutation: You are partially covered in rugged brown
                  | scales. (AC +1, +3% HP) [demonic ancestry]
   187 | D:1      | Reached XP level 2. HP: 3/19 MP: 1/5
   455 | D:1      | Found Gagued's Book Shop.
   993 | D:1      | Learned a level 2 spell: Passwall
  1046 | D:2      | Gained mutation: You are mostly covered in rugged brown
                  | scales. (AC +2, +5% HP) [demonic ancestry]
  1046 | D:2      | Reached XP level 3. HP: 17/25 MP: 4/6
  1960 | D:2      | Gained mutation: You have sharp fingernails. [demonic
                  | ancestry]
  1960 | D:2      | Reached XP level 4. HP: 31/31 MP: 5/7
  2323 | D:2      | Learned a level 3 spell: Stone Arrow
  2355 | D:3      | Found a hazy altar of Hepliaklqana.
  2919 | D:3      | Reached skill level 1 in Maces & Flails
  2919 | D:3      | Gained mutation: You have very sharp fingernails. [demonic
                  | ancestry]
  2919 | D:3      | Reached XP level 5. HP: 36/36 MP: 6/9
  2950 | D:3      | Found a shadowy altar of Dithmenos.
  3609 | D:4      | Found a burning altar of Makhleb.
  3941 | D:4      | Found a radiant altar of Vehumet.
  3995 | D:4      | Found an ancient bone altar of Kikubaaqudgha.
  4210 | D:4      | Identified the +1 ring mail of Claustrophobia {Regen+}
  4252 | D:4      | Found an iron altar of Okawaru.
  4258 | D:4      | Identified the +6 plate armour "Egafiyt" {rC+ Dex+4}
  4332 | D:4      | Reached XP level 6. HP: 44/44 MP: 7/11
  4665 | D:4      | Learned a level 3 spell: Summon Guardian Golem
  4902 | D:4      | Identified a scroll of acquirement
  4902 | D:4      | Acquired the +0 hat "Raghunk" {Dex+4 Slay+3 Stlth+}
  4975 | D:5      | Entered Level 5 of the Dungeon
  5040 | D:5      | Found a sand-covered staircase.
  5045 | Ossuary  | Entered an ossuary
  5458 | Ossuary  | Reached skill level 5 in Earth Magic
  5472 | Ossuary  | Gained mutation: You regenerate magic rapidly. [demonic
                  | ancestry]
  5472 | Ossuary  | Reached XP level 7. HP: 49/49 MP: 1/13
  6380 | D:6      | Reached skill level 5 in Spellcasting
  6415 | D:6      | Reached skill level 1 in Armour
  6486 | D:6      | Gained mutation: You regenerate a little health from kills.
                  | [demonic ancestry]
  6486 | D:6      | Reached XP level 8. HP: 39/55 MP: 11/15
  6577 | D:6      | Learned a level 4 spell: Cause Fear
  6582 | D:6      | Learned a level 4 spell: Petrify
  6831 | D:6      | Reached skill level 1 in Shields
  7029 | D:6      | Found a staircase to the Ecumenical Temple.
  7032 | D:6      | Reached XP level 9. HP: 60/60 MP: 17/19
  7038 | Temple   | Entered the Ecumenical Temple
  7845 | D:6      | Found a snail-covered altar of Cheibriados.
  7868 | D:6      | Became a worshipper of Cheibriados the Contemplative
  8197 | D:7      | Noticed Menkaure
  8352 | D:7      | Noticed Duvessa
  8353 | D:7      | Noticed Dowan
  8360 | D:7      | Killed Duvessa
  8361 | D:7      | Reached skill level 1 in Fighting
  8366 | D:7      | Killed Dowan
  8379 | D:7      | Killed Menkaure
  8380 | D:7      | Noticed Maggie
  8395 | D:7      | Killed Maggie
  8396 | D:7      | Reached skill level 1 in Conjurations
  8476 | D:7      | Reached * piety under Cheibriados
  8511 | D:7      | Found a flagged portal.
  8520 | Bailey   | Entered a bailey
  8525 | Bailey   | Noticed an orc warlord
  8793 | Bailey   | Found a runed translucent gate.
  8793 | Bailey   | Found a runed translucent gate.
  8820 | Bailey   | Found a runed translucent gate.
  8825 | Bailey   | Gained mutation: You have claws for hands. [demonic
                  | ancestry]
  8825 | Bailey   | Reached XP level 10. HP: 68/68 MP: 11/22
  8827 | Bailey   | Reached ** piety under Cheibriados
  9270 | Bailey   | Killed an orc warlord
  9271 | Bailey   | Reached skill level 1 in Short Blades
  9663 | Bailey   | Identified the +5 scimitar "Guxas" {vorpal, rN++}
  9675 | Bailey   | Acquired an amulet of regeneration
  9940 | D:7      | Identified the +2 robe "Zupuabor" {rF+ Dex+3 Slay+3}
 10325 | D:7      | Found a stormy altar of Qazlal.
 10325 | D:7      | Found a blossoming altar of Fedhas.
 10326 | D:7      | Found a bloodstained altar of Trog.
 10330 | D:7      | Found a sacrificial altar of Ru.
 10443 | D:7      | Found a runed translucent door.
 10444 | D:7      | Noticed Crazy Yiuf
 10448 | D:7      | Killed Crazy Yiuf
 10499 | D:8      | Found a shimmering altar of Xom.
 10500 | D:8      | Found an ornate altar of the Wu Jian Council.
 10883 | D:8      | Reached *** piety under Cheibriados
 10983 | D:8      | Found a hide-covered altar of Uskayaw.
 11187 | D:8      | Noticed an ice statue
 12817 | D:8      | Reached skill level 5 in Conjurations
 12817 | D:8      | Reached XP level 11. HP: 75/75 MP: 9/24
 13179 | D:9      | Reached skill level 1 in Long Blades
 13368 | D:9      | Found Hirchy's Magic Scroll Shop.
 13377 | D:9      | Bought a scroll of teleportation for 33 gold pieces
 13377 | D:9      | Bought a scroll of summoning for 104 gold pieces
 13453 | D:9      | Found a staircase to the Lair.
 13547 | D:9      | Reached **** piety under Cheibriados
 14247 | Lair:1   | Entered Level 1 of the Lair of Beasts
 14380 | Lair:1   | Noticed a six-headed hydra
 14387 | Lair:1   | Killed a six-headed hydra
 14388 | Lair:1   | Reached skill level 10 in Spellcasting
 14388 | Lair:1   | Reached skill level 10 in Earth Magic
 14981 | Lair:1   | Reached ***** piety under Cheibriados
 15024 | Lair:1   | Identified the +7 whip of Dull Purpose {vorpal, *Slow Str+3
                  | Dex-5 Stlth+}
 15265 | Lair:1   | Learned a level 3 spell: Mephitic Cloud
 15448 | Lair:2   | Found a hole to the Spider Nest.
 15460 | Lair:2   | Reached skill level 5 in Armour
 15737 | Lair:2   | You fall into a shaft and drop 2 floors!
 15846 | Lair:4   | Reached XP level 12. HP: 59/81 MP: 3/26
 16437 | Lair:4   | Noticed a six-headed hydra
 16443 | Lair:4   | Killed a six-headed hydra
 16560 | Lair:4   | Found a staircase to the Slime Pits.
 16560 | Lair:4   | Found a viscous altar of Jiyva.
 17200 | Lair:3   | Reached skill level 1 in Evocations
 17272 | Lair:5   | Entered Level 5 of the Lair of Beasts
 17313 | Lair:5   | Noticed Nessos
 17314 | Lair:5   | Noticed a four-headed hydra
 17389 | Lair:5   | Found a gate leading to a gauntlet.
 17398 | Gauntlet | Entered a Gauntlet
 17398 | Gauntlet | Found a transporter.
 17410 | Gauntlet | Found a transporter.
 17412 | Gauntlet | Found a transporter.
 17423 | Gauntlet | Found a transporter.
 17426 | Gauntlet | Found a transporter.
 17435 | Gauntlet | Found a transporter.
 17449 | Gauntlet | Noticed a hell hog
 17451 | Gauntlet | Found a transporter.
 17462 | Gauntlet | Found a transporter.
 17464 | Gauntlet | Found the +1 robe of Vines {NoPotionHeal Regen++++}
 17473 | Gauntlet | Noticed a reaper
 17474 | Gauntlet | Found a transporter.
 17479 | Gauntlet | Found a transporter.
 17493 | Gauntlet | Found a transporter.
 17508 | Gauntlet | Found a transporter.
 17508 | Gauntlet | Found a transporter.
 17561 | Gauntlet | Found a transporter.
 17638 | Gauntlet | Noticed a great orb of eyes
 18154 | Gauntlet | Noticed an ice dragon
 18251 | Gauntlet | Noticed an eight-headed hydra
 18251 | Gauntlet | an ice dragon changed into an eight-headed hydra
 18310 | Gauntlet | Noticed a two-headed ogre
 18310 | Gauntlet | a moth of wrath changed into a two-headed ogre
 18319 | Gauntlet | Identified the ring "Zef Puf" {rPois rCorr MP+9 Int+2
                  | Stlth-}
 18366 | Gauntlet | Identified the +7 rapier of Totuaj {speed, rElec rCorr
                  | Dex+2}
 18366 | Gauntlet | Identified the +1 kite shield "Ziuxt" {rC+}
 18366 | Gauntlet | Noticed a minotaur
 18375 | Gauntlet | HP: 4/84 [minotaur/silver javelin (7)]
 18379 | Gauntlet | Killed a minotaur
 18728 | Gauntlet | Found the +0 mask of the Dragon {Will+ Slay+3 SInv}
 18935 | Lair:5   | Killed Nessos
 18936 | Lair:5   | Reached skill level 1 in Transmutations
 19326 | Lair:5   | Identified the +2 scale mail of a bazaar {Int+4}
 19406 | Lair:5   | Killed a four-headed hydra
 19679 | Lair:5   | Reached ****** piety under Cheibriados
 19712 | Lair:5   | Reached skill level 5 in Dodging
 19712 | Lair:5   | Gained mutation: You are completely covered in rugged brown
                  | scales. (AC +3, +7% HP) [demonic ancestry]
 19712 | Lair:5   | Reached XP level 13. HP: 84/90 MP: 6/28
 20261 | Lair:5   | Found a corrupted altar of Lugonu.
 20261 | Lair:5   | Found a one-way gate to the infinite horrors of the Abyss.
 21667 | Lair:3   | Learned a level 9 spell: Dragon's Call
 21930 | Lair:2   | Found a large runed translucent door.
 21931 | Lair:2   | Found a large runed translucent door.
 21932 | Lair:2   | Noticed coldfrog's ghost (journeyman DrFE)
 22171 | Lair:2   | Found a staircase to the Swamp.
 22561 | D:10     | Entered Level 10 of the Dungeon
 22604 | D:10     | Found Sepant's Antique Weapon Boutique.
 22679 | D:10     | Found a staircase to the Orcish Mines.
 22686 | D:10     | Reached skill level 10 in Conjurations
 22724 | D:10     | Found Pearag's Distillery.
 22807 | D:10     | Bought a potion of cancellation for 96 gold pieces
 22807 | D:10     | Bought a potion of curing for 36 gold pieces
 23049 | D:10     | Found Nubbiul's Antique Weapon Emporium.
 23206 | D:10     | Noticed Grum
 23212 | D:10     | Killed Grum
 23506 | Orc:1    | Entered Level 1 of the Orcish Mines
 24225 | Orc:2    | Entered Level 2 of the Orcish Mines
 24237 | Orc:2    | Noticed an orc warlord
 24468 | D:11     | Noticed Lodul
 24479 | D:11     | Killed Lodul
 24587 | D:11     | Found a transporter.
 24649 | D:11     | Noticed sigtrap's ghost (novice MiFi)
 24680 | D:11     | Noticed Maurice
 24681 | D:11     | Noticed Erica
 24687 | D:11     | Noticed Psyche
 24688 | D:11     | Noticed Harold
 24691 | D:11     | Killed Maurice
 24698 | D:11     | Killed Psyche
 24699 | D:11     | Gained mutation: When hurt, damage is shared between your
                  | health and your magic reserves. [demonic ancestry]
 24699 | D:11     | Reached XP level 14. HP: 90/99 MP: 30/30
 24699 | D:11     | Found a transporter.
 24699 | D:11     | Killed Harold
 24704 | D:11     | Killed Erica
 25280 | Orc:1    | Killed an orc warlord
 25866 | Orc:2    | Found Utidwaesh's Antique Armour Shoppe.
 25891 | Orc:2    | Found a staircase to the Elven Halls.
 26107 | Orc:2    | Found Haloaming's Antique Armour Boutique.
 26133 | Orc:2    | Found Wouth's Book Shoppe.
 26228 | Orc:2    | Found Gumeb's General Store.
 26236 | Orc:2    | Bought a scroll of blinking for 90 gold pieces
 26236 | Orc:2    | Bought a potion of cancellation for 96 gold pieces
 26420 | Orc:2    | Found Ecuebryt's Antique Weapon Boutique.
 26812 | D:12     | Found Zauv's Antique Weapon Boutique.
 26814 | D:12     | Found a sparkling altar of Nemelex Xobeh.
 26857 | D:12     | Found a frozen archway.
 26890 | IceCv    | Entered an ice cave
 27319 | IceCv    | Found an ancient bone altar of Kikubaaqudgha.
 27617 | IceCv    | Reached skill level 1 in Summonings
 27619 | IceCv    | Reached skill level 5 in Stealth
 27756 | IceCv    | Got the Essays on Frostbite and Shadows
 28429 | D:12     | Noticed Jorgrun
 28451 | D:12     | Slain by Jorgrun

Illustrated notes

Levels and vault maps discovered:
D:1:      ncdulo_smallfort, layout_basic, dreamdust_ecumenical_altar_statues,
          serial_shops, nicolae_diamond_shop, corexii_leaking_fountain,
          minmay_tree_intersection, dreamdust_mushroom_princess
D:2:      layout_basic
D:3:      layout_loops_ring, mainiacjoe_overflow_alcove_2,
          mainiacjoe_overflow_cross_hatched, serial_forest,
          infiniplex_forest_clump_long, infiniplex_forest_straight_2,
          infiniplex_forest_lined_ring, infiniplex_forest_clump_long,
          infiniplex_forest_end_1, infiniplex_forest_straight_1,
          infiniplex_forest_straight_2, infiniplex_forest_clump_double,
          minmay_pentomino_pile
D:4:      layout_basic, mainiacjoe_overflow_24_doors,
          mainiacjoe_overflow_six_doors_small, mainiacjoe_overflow_boulevard,
          lemuel_round_altar
D:5:      layout_basic, nicolae_ossuary_entry_plus
D:6:      minmay_polygon_palace, layout_basic, cheibriados_altar_1,
          elyvilon_altar_4, minmay_temple_entry_proselytizer
D:7:      layout_rooms, mainiacjoe_overflow_concentric_impassable, minitemple,
          lightli_bailey_entry_fortress, chequers_serial_rivers_micro_b,
          minmay_misc_feat_pillars, kb_rosetta, uniq_crazy_yiuf_cottage,
          uniq_menkaure, uniq_duvessa, uniq_maggie
D:8:      cheibrodos_frozen_isle, layout_basic, mainiacjoe_overflow_paths,
          chequers_temple_overflow_statue_of_worship, minmay_diced_spiral
D:9:      layout_stronghold, david_lair_shrubbed, serial_shops, shop,
          amcnicky_mini_corridor_feature
D:10:     layout_basic, minmay_orc_entry_temple_small, serial_shops, shop, shop,
          nicolae_lakefront_shop, hangedman_decor_lopped, uniq_grum
D:11:     layout_cave_pools, nzn_ghost_randoct, grunt_decor_cap, uniq_harold,
          uniq_psyche, uniq_lodul, uniq_erica, uniq_maurice
D:12:     layout_gridville, serial_shops, shop,
          portal_ice_cave_entry_ice_simulacra,
          nemelex_xobeh_ov_fountains_minmay, uniq_jorgrun
Temple:   nicolae_temple_two_arcs
Lair:1:   layout_long_grid, kennysheep_rathole
Lair:2:   layout_cave_pods, skrybe_swamp_entry_bodies, spider_nest_entry_a,
          ebering_ghost_disaster_area, serial_bayou_shore_b,
          infiniplex_staircase_pool
Lair:3:   layout_long_grid, grunt_megastairs_4, serial_bayou_shore_b,
          lemuel_fruit_fields, lemuel_fruit_tree, serial_bayou_shore_b
Lair:4:   layout_layer_cave, slime_entry_1, fungi_pond_lemuel
Lair:5:   hellmonk_lair_end_abyssal_woods, layout_layer_cave,
          gauntlet_entry_generic, wad_woods_road_06, uniq_nessos
Orc:1:    layout_diamond_mine, kennysheep_orc_chapel
Orc:2:    grunt_orc_gardens, layout_diamond_mine, grunt_orc_garden,
          grunt_orc_garden, grunt_orc_garden, grunt_orc_garden, serial_shops,
          shop

Skill      XL: |  1  2  3  4  5  6  7  8  9 10 11 12 13 14 |
---------------+-------------------------------------------+-----
Dodging        | 2 3 4 5 6 |  6.6
Earth Magic    | 3 4 5 7 8 9 10 11 12 13 | 13.0
Stealth        | 2 3 4 5 |  5.0
Maces & Flails | 1 2 3 4 |  4.2
Spellcasting   | 3 4 5 6 8 9 10 11 12 13 | 13.4
Armour         | 1 2 3 5 |  5.8
Shields        | 1 3 4 |  4.8
Fighting       | 1 2 3 |  3.7
Conjurations   | 1 5 6 8 11 12 | 12.1
Short Blades   | 1 |  1.5
Long Blades    | 2 |  2.7
Evocations     | 1 |  1.2
Transmutations | 1 |  1.0
Summonings     | 1 |  1.2
Throwing       | |  0.9
Hexes          | |  0.9
Air Magic      | |  0.2
Poison Magic   | |  0.1

Action                   |  1- 3 |  4- 6 |  7- 9 | 10-12 | 13-15 || total
-------------------------+-------+-------+-------+-------+-------++-------
Melee: Dagger            |    14 |     9 |       |       |       ||    23
       Unarmed           |     1 |       |       |       |       ||     1
       Punch             |     1 |     1 |       |     3 |       ||     5
       Whip              |       |    40 |     5 |    86 |   186 ||   317
       Short sword       |       |       |    45 |     2 |       ||    47
       Scimitar          |       |       |       |    43 |       ||    43
Throw: Dart              |       |       |       |     7 |     4 ||    11
       Javelin           |       |       |       |     5 |       ||     5
       Throwing net      |       |       |       |       |     2 ||     2
 Cast: Sandblast         |    48 |   122 |   151 |       |       ||   321
       Stone Arrow       |       |       |    26 |   390 |   506 ||   922
       Summon Guardian G |       |       |     1 |     1 |     4 ||     6
       Mephitic Cloud    |       |       |       |     2 |       ||     2
       Petrify           |       |       |       |     1 |       ||     1
Evoke: Wand              |       |       |       |     2 |     2 ||     4
  Use: Potion            |     1 |     5 |     1 |     4 |     3 ||    14
       Scroll            |       |    14 |     3 |    19 |     6 ||    42
 Stab: Sleeping          |     5 |     3 |       |       |       ||     8
       Invisible         |       |       |       |     1 |       ||     1
Armor: Robe              |     9 |    22 |       |    25 |    82 ||   138
       Ring mail         |       |    12 |    66 |   117 |       ||   195
Dodge: Dodged            |    18 |    66 |    88 |   317 |   334 ||   823
Block: Other             |       |     8 |    33 |       |       ||    41
       Reflection        |       |       |     3 |       |       ||     3
       Kite shield       |       |       |       |    35 |   349 ||   384
